SL
FT. WORTH CATTLEMEN @ KINGSTON TOWNSHIP KNIGHTS
07/20/2042
 
TOP OF THE 1ST
Ft. Worth Cattlemen batting - Pitching for Kingston Township Knights : RHP Francisco Díaz
Pitching: RHP Francisco Díaz
Batting: RHB Jurgen Flurgenburgen 0-0: Ball
1-0: Foul Ball, location: 2F
1-1: Foul Ball, location: 2F
1-2: Ball
2-2: Reached on error, E3 (Groundball, 34, EV 83.8 MPH)
Batting: LHB Count Dante 0-0: Called Strike
0-1: Ball
1-1: Foul Ball, location: 2F
1-2: Fly out, F9 (Line Drive, 9D, EV 90.0 MPH)
Batting: SHB Kolby Hay 0-0: Ball
1-0: Fly out, F7 (Flyball, 78M, EV 89.4 MPH)
Batting: LHB Jorge Alejándrez 0-0: Ball
1-0: Called Strike
1-1: Ball
2-1: Fly out, F7 (Flyball, 7S, EV 85.0 MPH)
Top of the 1st over - 0 runs, 0 hits, 1 error, 1 left on base; Ft. Worth 0 - Kingston Township 0
BOTTOM OF THE 1ST
Kingston Township Knights batting - Pitching for Ft. Worth Cattlemen : RHP Scott Thompson
Pitching: RHP Scott Thompson
Batting: LHB Ánibal Lima 0-0: Swinging Strike
0-1: Ball
1-1: Called Strike
1-2: SINGLE (Flyball, 89M, EV 90.6 MPH)
Batting: RHB Daniel McCoy 0-0: Ball
1-0: Ball
2-0: Foul Ball, location: 2F
2-1: Foul Ball, location: 2F
2-2: Foul Ball, location: 2F
2-2: Strikes out swinging
Batting: RHB Holden Ford 0-0: Called Strike
0-1: Ball
1-1: Ball
2-1: Foul Ball, location: 2F
2-2: Ball
3-2: 2-RUN HOME RUN (Flyball, 9LD, EV 92.5 MPH), Distance : 350 ft
Batting: LHB Ed Mellor 0-0: Ball
1-0: Reached on error, E3 (Groundball, 3L, EV 85.0 MPH)
Batting: RHB Amor Campos 0-0: Ball
1-0: Called Strike
1-1: Swinging Strike
1-2: Ball
2-2: Foul Ball, location: 2F
Balk!
Ed Mellor to second
2-2: Ball
3-2: Strikes out swinging
Batting: RHB Jorge Ozezera 0-0: Ball
1-0: Ball
2-0: Foul Ball, location: 2F
2-1: Ball
3-1: Foul Ball, location: 2F
3-2: Strikes out swinging
Bottom of the 1st over - 2 runs, 2 hits, 1 error, 1 left on base; Ft. Worth 0 - Kingston Township 2
TOP OF THE 2ND
Ft. Worth Cattlemen batting - Pitching for Kingston Township Knights : RHP Francisco Díaz
Batting: LHB Semo Hoaloha 0-0: Ball
1-0: Swinging Strike
1-1: Ground out 6-3 (Groundball, 6M, EV 102.5 MPH)
Batting: LHB Rick Crockett 0-0: Called Strike
0-1: Ball
1-1: Fly out, F8 (Flyball, 78XD, EV 95.6 MPH)
Batting: RHB Dennis Wacher 0-0: SINGLE (Flyball, 9S, EV 88.8 MPH)
Batting: SHB Bren Spillane 0-0: Ball
Pickoff Throw to First - Out! 1-3
Top of the 2nd over - 0 runs, 1 hit, 0 errors, 0 left on base; Ft. Worth 0 - Kingston Township 2
BOTTOM OF THE 2ND
Kingston Township Knights batting - Pitching for Ft. Worth Cattlemen : RHP Scott Thompson
Batting: RHB Tom Rowland 0-0: Ball
1-0: Fly out, F8 (Flyball, 8LM, EV 82.5 MPH)
Batting: RHB Glenn Curtis 0-0: Ground out 5-3 (Groundball, 56, EV 97.5 MPH)
Batting: RHB Dylan Oram 0-0: Called Strike
0-1: Ground out 4-3 (Groundball, 4, EV 87.5 MPH)
Bottom of the 2nd over - 0 runs, 0 hits, 0 errors, 0 left on base; Ft. Worth 0 - Kingston Township 2
TOP OF THE 3RD
Ft. Worth Cattlemen batting - Pitching for Kingston Township Knights : RHP Francisco Díaz
Batting: SHB Bren Spillane 0-0: Ball
1-0: Called Strike
1-1: Foul Ball, location: 2F
1-2: Ball
2-2: TRIPLE (Flyball, 89XD, EV 92.5 MPH)
Batting: SHB Takechi Yamashita 0-0: Foul Ball, location: 2F
0-1: Ball
1-1: Foul Ball, location: 2F
1-2: Foul Ball, location: 2F
1-2: Foul Ball, location: 2F
1-2: Ball
2-2: Ball
3-2: Ground out 4-3 (Groundball, 34, EV 88.8 MPH)
Bren Spillane scores
Batting: RHB Jurgen Flurgenburgen 0-0: SINGLE (Line Drive, 7S, EV 91.2 MPH)
Batting: LHB Count Dante 0-0: Swinging Strike
0-1: Ball
1-1: Swinging Strike
1-2: Ball
Jurgen Flurgenburgen steals 2nd base
2-2: Foul Ball, location: 2F
2-2: Ball
3-2: Base on Balls
Batting: SHB Kolby Hay 0-0: Ball
1-0: Fielders Choice at 2nd, 3-6 (Groundball, 3, EV 83.8 MPH)
Jurgen Flurgenburgen to third
Batting: LHB Jorge Alejándrez 0-0: Ball
1-0: Called Strike
1-1: Fly out, F8 (Flyball, 8RXD, EV 89.4 MPH)
Top of the 3rd over - 1 run, 2 hits, 0 errors, 2 left on base; Ft. Worth 1 - Kingston Township 2
BOTTOM OF THE 3RD
Kingston Township Knights batting - Pitching for Ft. Worth Cattlemen : RHP Scott Thompson
Batting: LHB Ánibal Lima 0-0: Ball
1-0: Called Strike
1-1: SOLO HOME RUN (Flyball, 9D, EV 95.0 MPH), Distance : 408 ft
Batting: RHB Daniel McCoy 0-0: Ball
1-0: Foul Ball, location: 2F
1-1: SINGLE (Line Drive, 78S, EV 106.9 MPH)
Batting: RHB Holden Ford 0-0: Ball
1-0: Called Strike
1-1: Foul Ball, location: 2F
1-2: Strikes out swinging
Batting: LHB Ed Mellor 0-0: Fly out, F7 (Flyball, 7LM, EV 103.8 MPH)
Batting: RHB Amor Campos 0-0: Foul Ball, location: 2F
0-1: Called Strike
0-2: Fly out, F8 (Flyball, 8RS, EV 71.9 MPH)
Bottom of the 3rd over - 1 run, 2 hits, 0 errors, 1 left on base; Ft. Worth 1 - Kingston Township 3
TOP OF THE 4TH
Ft. Worth Cattlemen batting - Pitching for Kingston Township Knights : RHP Francisco Díaz
Batting: LHB Semo Hoaloha 0-0: Foul Ball, location: 2F
0-1: Ball
1-1: Fly out, F8 (Flyball, 8RM, EV 91.2 MPH)
Batting: LHB Rick Crockett 0-0: Called Strike
0-1: Ground out 4-3 (Groundball, 4, EV 88.1 MPH)
Batting: RHB Dennis Wacher 0-0: Foul Ball, location: 2F
0-1: Ball
1-1: Swinging Strike
1-2: Ball
2-2: Strikes out swinging
Top of the 4th over - 0 runs, 0 hits, 0 errors, 0 left on base; Ft. Worth 1 - Kingston Township 3
BOTTOM OF THE 4TH
Kingston Township Knights batting - Pitching for Ft. Worth Cattlemen : RHP Scott Thompson
Batting: RHB Jorge Ozezera 0-0: Ball
1-0: Ground out 1-3 (Groundball, 34S, EV 94.4 MPH)
Batting: RHB Tom Rowland 0-0: Called Strike
0-1: Ball
1-1: Foul Ball, location: 2F
1-2: SOLO HOME RUN (Flyball, 78XD, EV 94.4 MPH), Distance : 465 ft
Batting: RHB Glenn Curtis 0-0: Ball
1-0: Ball
2-0: SINGLE (Line Drive, 78S, EV 113.1 MPH)
Batting: RHB Dylan Oram 0-0: Fly out, F3 (Popup, 3S, EV 76.2 MPH)
Batting: LHB Ánibal Lima 0-0: Ball
1-0: Called Strike
1-1: Ball
2-1: Foul Ball, location: 2F
2-2: Ball
3-2: Strikes out swinging
Bottom of the 4th over - 1 run, 2 hits, 0 errors, 1 left on base; Ft. Worth 1 - Kingston Township 4
TOP OF THE 5TH
Ft. Worth Cattlemen batting - Pitching for Kingston Township Knights : RHP Francisco Díaz
Batting: SHB Bren Spillane 0-0: Ball
1-0: Called Strike
1-1: Ball
2-1: Swinging Strike
2-2: Foul Ball, location: 2F
2-2: Fly out, F7 (Flyball, 7LMF, EV 95.0 MPH)
Batting: SHB Takechi Yamashita 0-0: Foul Ball, location: 2F
0-1: Called Strike
0-2: Fly out, F7 (Line Drive, 7, EV 87.5 MPH)
Batting: RHB Jurgen Flurgenburgen 0-0: Foul Ball, location: 2F
0-1: Ground out 6-3 (Groundball, 6, EV 86.9 MPH)
Top of the 5th over - 0 runs, 0 hits, 0 errors, 0 left on base; Ft. Worth 1 - Kingston Township 4
BOTTOM OF THE 5TH
Kingston Township Knights batting - Pitching for Ft. Worth Cattlemen : RHP Scott Thompson
Batting: RHB Daniel McCoy 0-0: Ball
1-0: Ball
2-0: Foul Ball, location: 2F
2-1: Fly out, F8 (Flyball, 8RM, EV 82.5 MPH)
Batting: RHB Holden Ford 0-0: Called Strike
0-1: Ball
1-1: SINGLE (Groundball, 6D, EV 96.9 MPH)
Batting: LHB Ed Mellor 0-0: Ball
1-0: Ball
2-0: Called Strike
2-1: Ball
3-1: Foul Ball, location: 2F
3-2: Foul Ball, location: 2F
3-2: Hit by Pitch
Holden Ford to second
Batting: RHB Amor Campos 0-0: Fielders Choice at 2nd, 3-6 (Groundball, 3, EV 84.4 MPH)
Holden Ford to third
Batting: RHB Jorge Ozezera 0-0: Ground out 2-3 (Groundball, 15S, EV 70.0 MPH)
Bottom of the 5th over - 0 runs, 1 hit, 0 errors, 2 left on base; Ft. Worth 1 - Kingston Township 4
TOP OF THE 6TH
Ft. Worth Cattlemen batting - Pitching for Kingston Township Knights : RHP Francisco Díaz
Batting: LHB Count Dante 0-0: Called Strike
0-1: Ball
1-1: Ground out 1-3 (Groundball, 13S, EV 69.4 MPH)
Batting: SHB Kolby Hay 0-0: Single, Error in OF, E7, batter to second base (Line Drive, 5D, EV 100.6 MPH)
Batting: LHB Jorge Alejándrez 0-0: Ball
1-0: Foul Ball, location: 2F
1-1: Foul Ball, location: 2F
1-2: Ball
2-2: SINGLE (Flyball, 56D, EV 91.2 MPH)
Kolby Hay to third
Batting: LHB Semo Hoaloha 0-0: Ball
1-0: Swinging Strike
1-1: Foul Ball, location: 2F
1-2: Ball
2-2: Ball
3-2: SINGLE (Line Drive, 4MD, EV 106.9 MPH)
Kolby Hay scores
Jorge Alejándrez to second
Batting: LHB Rick Crockett 0-0: Ball
1-0: Foul Ball, location: 2F
1-1: Foul Ball, location: 2F
1-2: Strikes out swinging
Batting: RHB Dennis Wacher 0-0: Ball
1-0: Ball
2-0: SINGLE (Line Drive, 7LS, EV 96.2 MPH)
Jorge Alejándrez to third
Semo Hoaloha to second
Runner from 3rd tries for Home, SAFE, no throw by LF
Batting: SHB Bren Spillane 0-0: Called Strike
0-1: Hit by Pitch
Semo Hoaloha to third
Dennis Wacher to second
Batting: SHB Takechi Yamashita 0-0: Foul Ball, location: 2F
0-1: Ball
1-1: Foul Ball, location: 2F
1-2: Foul Ball, location: 2F
1-2: Ball
2-2: Ball
3-2: Strikes out swinging
Top of the 6th over - 2 runs, 4 hits, 1 error, 3 left on base; Ft. Worth 3 - Kingston Township 4
BOTTOM OF THE 6TH
Kingston Township Knights batting - Pitching for Ft. Worth Cattlemen : RHP Scott Thompson
Batting: RHB Tom Rowland 0-0: Ball
1-0: Fly out, F8 (Flyball, 8LM, EV 89.4 MPH)
Batting: RHB Glenn Curtis 0-0: Swinging Strike
0-1: Ball
1-1: Foul Ball, location: 2F
1-2: Fly out, F4 (Line Drive, 4, EV 66.2 MPH)
Batting: RHB Dylan Oram 0-0: Called Strike
0-1: Ball
1-1: Swinging Strike
1-2: Ball
2-2: Strikes out swinging
Bottom of the 6th over - 0 runs, 0 hits, 0 errors, 0 left on base; Ft. Worth 3 - Kingston Township 4
TOP OF THE 7TH
Ft. Worth Cattlemen batting - Pitching for Kingston Township Knights : RHP Francisco Díaz
Batting: RHB Jurgen Flurgenburgen 0-0: Called Strike
0-1: Foul Ball, location: 2F
0-2: Ball
1-2: DOUBLE (Flyball, 89XD, EV 92.5 MPH)
Batting: LHB Count Dante 0-0: Foul Ball, location: 2F
0-1: Swinging Strike
0-2: Fly out, F8 (Flyball, 8LS, EV 88.8 MPH)
Pitching: RHP Aki Sato
Batting: SHB Kolby Hay 0-0: Ball
1-0: Called Strike
1-1: Foul Ball, location: 2F
1-2: Ball
2-2: SINGLE (Groundball, 34D, EV 104.4 MPH)
Jurgen Flurgenburgen to third
Runner from 3rd tries for Home, SAFE, throw by RF to home
Batting: LHB Jorge Alejándrez 0-0: Ball
1-0: Ball
2-0: Ball
3-0: Called Strike
3-1: Fielders Choice at 2nd, 4-6 (Groundball, 4M, EV 84.4 MPH)
Batting: LHB Semo Hoaloha 0-0: Ball
1-0: Foul Ball, location: 2F
1-1: Fly out, F7 (Flyball, 7D, EV 108.1 MPH)
Top of the 7th over - 1 run, 2 hits, 0 errors, 1 left on base; Ft. Worth 4 - Kingston Township 4
BOTTOM OF THE 7TH
Kingston Township Knights batting - Pitching for Ft. Worth Cattlemen : RHP Scott Thompson
Pitching: RHP Sima Babic
Batting: LHB Ánibal Lima 0-0: Fly out, F6 (Popup, 6S, EV 64.4 MPH)
Batting: RHB Daniel McCoy 0-0: Called Strike
0-1: Ball
1-1: Ball
2-1: Swinging Strike
2-2: Strikes out swinging
Batting: RHB Holden Ford 0-0: Called Strike
0-1: Ball
1-1: Called Strike
1-2: Foul Ball, location: 2F
1-2: Ball
2-2: Strikes out swinging
Bottom of the 7th over - 0 runs, 0 hits, 0 errors, 0 left on base; Ft. Worth 4 - Kingston Township 4
TOP OF THE 8TH
Ft. Worth Cattlemen batting - Pitching for Kingston Township Knights : RHP Aki Sato
Batting: LHB Rick Crockett 0-0: Called Strike
0-1: Foul Ball, location: 2F
0-2: Foul Ball, location: 2F
0-2: Ball
1-2: Foul Ball, location: 2F
1-2: Ball
2-2: Strikes out swinging
Batting: RHB Dennis Wacher 0-0: Called Strike
0-1: Foul Ball, location: 2F
0-2: Foul Ball, location: 2F
0-2: Strikes out looking
Batting: SHB Bren Spillane 0-0: Ball
1-0: Ground out 4-3 (Groundball, 4, EV 89.4 MPH)
Top of the 8th over - 0 runs, 0 hits, 0 errors, 0 left on base; Ft. Worth 4 - Kingston Township 4
BOTTOM OF THE 8TH
Kingston Township Knights batting - Pitching for Ft. Worth Cattlemen : RHP Sima Babic
Batting: LHB Ed Mellor 0-0: Called Strike
0-1: Called Strike
0-2: Ball
1-2: SINGLE (Groundball, 4MD, EV 96.9 MPH)
Batting: RHB Amor Campos 0-0: Called Strike
0-1: Called Strike
0-2: Ball
1-2: Ball
2-2: Ball
3-2: Strikes out looking
Batting: RHB Jorge Ozezera 0-0: Ball
1-0: Swinging Strike
1-1: Foul Ball, location: 2F
1-2: Ball
2-2: Foul Ball, location: 2F
2-2: Strikes out swinging
Batting: RHB Tom Rowland 0-0: Ball
1-0: Called Strike
1-1: Ball
2-1: Foul Ball, location: 2F
2-2: Foul Ball, location: 2F
2-2: SINGLE (Groundball, 23, EV 71.2 MPH) (infield hit)
Ed Mellor to second
Batting: RHB Glenn Curtis 0-0: Called Strike
0-1: Ball
1-1: Foul Ball, location: 2F
1-2: Ball
2-2: Foul Ball, location: 2F
2-2: Ball
3-2: Ground out 4-3 (Groundball, 4, EV 93.8 MPH)
Bottom of the 8th over - 0 runs, 2 hits, 0 errors, 2 left on base; Ft. Worth 4 - Kingston Township 4
TOP OF THE 9TH
Ft. Worth Cattlemen batting - Pitching for Kingston Township Knights : RHP Aki Sato
Pinch Hitting: LHB Blake Browning 0-0: Ball
1-0: Foul Ball, location: 2F
1-1: Called Strike
1-2: Foul Ball, location: 2F
1-2: Ground out 1-3 (Groundball, P, EV 82.5 MPH)
Batting: RHB Jurgen Flurgenburgen 0-0: Ground out 6-3 (Groundball, 6, EV 88.1 MPH)
Batting: LHB Count Dante 0-0: Called Strike
0-1: Ball
1-1: Swinging Strike
1-2: Ground out 1-3 (Groundball, 23, EV 82.5 MPH)
Top of the 9th over - 0 runs, 0 hits, 0 errors, 0 left on base; Ft. Worth 4 - Kingston Township 4
BOTTOM OF THE 9TH
Kingston Township Knights batting - Pitching for Ft. Worth Cattlemen : RHP Sima Babic
Pitching: RHP Jack Buyse
Now at C: Omer Yurtseven
Pinch Hitting: RHB Seong-ho Chong 0-0: Foul Ball, location: 2F
0-1: Fly out, F8 (Flyball, 89M, EV 89.4 MPH)
Batting: LHB Ánibal Lima 0-0: Ball
1-0: Swinging Strike
1-1: Ground out 4-3 (Groundball, 4S, EV 88.1 MPH)
Batting: RHB Daniel McCoy 0-0: Called Strike
0-1: Ball
1-1: Foul Ball, location: 2F
1-2: Foul Ball, location: 2F
1-2: Ball
2-2: Foul Ball, location: 2F
2-2: Ball
3-2: Ground out 4-3 (Groundball, 4, EV 100.6 MPH)
Bottom of the 9th over - 0 runs, 0 hits, 0 errors, 0 left on base; Ft. Worth 4 - Kingston Township 4
TOP OF THE 10TH
Ft. Worth Cattlemen batting - Pitching for Kingston Township Knights : RHP Aki Sato
Pitching: LHP David Blake
Now at SS: Khal Drogo
Batting: SHB Kolby Hay 0-0: Ball
1-0: Ball
2-0: Fly out, F9 (Line Drive, 9, EV 91.2 MPH)
Batting: LHB Jorge Alejándrez 0-0: Ball
1-0: DOUBLE (Groundball, 5L, EV 101.9 MPH)
Batting: LHB Semo Hoaloha 0-0: Intentional Walk
Pinch Hitting: RHB Jesús Torres 0-0: Called Strike
0-1: Foul Ball, location: 2F
0-2: Foul Ball, location: 2F
0-2: Ball
1-2: Ball
2-2: Fly out, F4 (Line Drive, 4, EV 62.5 MPH)
Batting: RHB Dennis Wacher 0-0: Ball
1-0: DOUBLE (Groundball, 5L, EV 104.4 MPH)
Jorge Alejándrez scores
Semo Hoaloha to third
Runner from 3rd tries for Home, SAFE, throw by LF to home
Batting: SHB Bren Spillane 0-0: TRIPLE (Flyball, 89XD, EV 98.1 MPH)
Dennis Wacher scores
Batting: RHB Omer Yurtseven 0-0: Swinging Strike
0-1: Ball
1-1: Ground out 6-3 (Groundball, 6M, EV 81.9 MPH)
Top of the 10th over - 3 runs, 3 hits, 0 errors, 1 left on base; Ft. Worth 7 - Kingston Township 4
BOTTOM OF THE 10TH
Kingston Township Knights batting - Pitching for Ft. Worth Cattlemen : RHP Jack Buyse
Now in CF: Scotty Glenn
Batting: RHB Holden Ford 0-0: Ball
1-0: Ball
2-0: Ball
3-0: Called Strike
3-1: Base on Balls
Batting: LHB Ed Mellor 0-0: Called Strike
0-1: Ball
1-1: Swinging Strike
1-2: Foul Ball, location: 2F
1-2: Foul Ball, location: 2F
1-2: Ball
Wild Pitch!
Holden Ford to second
2-2: Ball
3-2: Foul Ball, location: 2F
3-2: Foul Ball, location: 2F
3-2: Foul Ball, location: 2F
3-2: Foul Ball, location: 2F
3-2: Base on Balls
Pitching: RHP Blair Wright
Batting: RHB Amor Campos 0-0: Grounds into double play, 5-4-3 (Groundball, 56, EV 87.5 MPH)
Holden Ford to third
Batting: RHB Jorge Ozezera 0-0: Swinging Strike
0-1: Swinging Strike
0-2: Ball
1-2: Strikes out swinging
Bottom of the 10th over - 0 runs, 0 hits, 0 errors, 1 left on base; Ft. Worth 7 - Kingston Township 4
Friday, March 26th, 2021 - OOTP Baseball 20.8 Build 74